 Dungeon Crawl Stone Soup version 0.31-a0-348-g810772c3d7 (webtiles) character file.

Game seed: 17779668005951909379

57 Hajna the Chiller (level 4, 0/31 HPs)
             Began as a Merfolk Ice Elementalist on July 23, 2023.
             Succumbed to an adder's poison
             ... on level 2 of the Dungeon.
             The game lasted 00:03:56 (1199 turns).

Hajna the Chiller (Merfolk Ice Elementalist)        Turns: 1199, Time: 00:03:57

Health: 0/31       AC:  3    Str:  8    XL:     4   Next: 0%
Magic:  0/7        EV: 11    Int: 16    God:
Gold:   50         SH:  4    Dex: 14    Spells: 7/8 levels left

rFire   . . .        (no weapon)
rCold   . . .        b - +0 buckler
rNeg    . . .        g - +0 leather armour
rPois   .            (helmet currently unavailable)
rElec   .            (cloak currently unavailable)
rCorr   .            (gloves currently unavailable)
SInv    .            (boots currently unavailable)
Will    .....        (no amulet)
Stlth   ++           (no ring)
HPRegen 0.25/turn    (no ring)
MPRegen 0.10/turn

%: no passive effects
@: lethally poisoned (0 -> -6), beast-form
A: beast (slay +0), (nimble swimmer 2), mertail
a: Begin Untransformation


You were on level 2 of the Dungeon.
You were a hulking beast.
You visited 1 branch of the dungeon, and saw 2 of its levels.

You collected 50 gold pieces.

Inventory:

Armour
 a - a +0 robe
 b - a +0 buckler (worn)
 g - a +0 leather armour (worn)
Talismans
 f - a beast talisman
 h - a beast talisman
Scrolls
 c - 2 scrolls of identify {unknown}
 d - a scroll of enchant weapon {unknown}
 i - a scroll of enchant armour {unknown}


   Skills:
 + Level 0.5 Fighting
 + Level 2.7 Dodging
 + Level 2.3 Stealth
 + Level 0.6 Unarmed Combat
 + Level 2.5 Spellcasting
 + Level 5.3 Ice Magic


You had 7 spell levels left.
You knew the following spells:

 Your Spells              Type           Power      Damage    Failure   Level
a - Freeze                Ice            76%        1d8       5%          1

Your spell library contained the following spells:

 Spells                   Type           Power      Damage    Failure   Level
 Frozen Ramparts          Ice            38%        1d6       16%         3
 Ozocubu's Armour         Ice            19%        N/A       16%         3
 Summon Ice Beast         Ice/Summ       10%        N/A       83%         4


Dungeon Overview and Level Annotations

Branches:
Dungeon (2/15)

Altars:


Innate Abilities, Weirdness & Mutations

You are a hulking beast.
Your limbs bulge with bestial killing power. (Slay +0)
((You are very nimble when in or above water. (Stealth+, EV+, Speed+++)))
Your lower body shifts to a powerful aquatic tail in water.


Message History

You freeze the kobold!
You kill the kobold!
The adder closely misses you.
You have reached level 4!
The bat barely misses you. The adder bites you.
The adder attacks as you move away! The adder bites you.
Aiming: Freeze (safe; 5% risk of failure)
Press: ? - help, Q - select action Shift-Dir - straight line, f - adder
Aim: an adder You freeze the adder!
The adder is almost dead.
The adder seems to slow down.
You block the bat's attack. The adder closely misses you.
You hit the adder but do no damage.
The adder is severely wounded.
The bat barely misses you. The adder barely misses you.
You hit the adder but do no damage.
The adder is severely wounded.
The bat barely misses you. The adder bites you.
You barely miss the adder.
The adder is severely wounded.
The bat misses you. The bat hits you. The adder bites you.
You are poisoned.
The adder poisons you!
You hit the adder.
The adder is almost dead.
You feel sick. The bat hits you but does no damage. x2
The adder closely misses you.
You hit the adder but do no damage.
The adder is almost dead.
You feel sick. You block the bat's attack. The adder bites you.
* * * LOW HITPOINT WARNING * * *
You are lethally poisoned!
The adder poisons you!
It was a potion of cancellation.
You feel magically purged.
* * * LOW HITPOINT WARNING * * *
You feel sick. The adder barely misses you. You block the bat's attack.
You hit the adder.
The adder is almost dead.
You die...

#... #... #... #######
#... ##.....# #...
#..###.### #... ##h##
#...# ##... #bS# ###.#
##..## .#######.##
#.####..... .......†.#
#..##...### ......)...#
##......# ...........#
##.#..### ...........#
##....## ...........#
#....##
................#...###
#


You could see an adder (slow) and a bat.

Vanquished Creatures
  A gnoll (D:1)
  An adder (D:2)
  A worm (D:2)
  3 bats
  4 endoplasms
  3 goblins (D:1)
  2 hobgoblins (D:1)
  4 jackals (D:2)
  2 quokkas (D:1)
  3 ball pythons
  A frilled lizard (D:1)
  3 kobolds
  4 rats (D:1)
32 creatures vanquished.

Notes
Turn   | Place    | Note
-------+----------+-------------------------------------------
     0 | D:1      | Hajna the Merfolk Ice Elementalist began the quest for the
                  | Orb.
     0 | D:1      | Reached XP level 1. HP: 13/13 MP: 3/3
   294 | D:1      | Reached XP level 2. HP: 12/19 MP: 0/5
   454 | D:1      | Reached XP level 3. HP: 6/25 MP: 3/6
   455 | D:1      | Reached skill level 5 in Ice Magic
  1189 | D:2      | Reached XP level 4. HP: 15/31 MP: 0/7
  1199 | D:2      | Succumbed to an adder's poison

Illustrated notes

Levels and vault maps discovered:
D:1:      kilobyte_arrival_exit_the_forest, layout_rooms
D:2:      layout_rooms

Skill      XL: |  1  2  3 |
---------------+----------+-----
Ice Magic      | 5 |  5.3
Fighting       | |  0.5
Dodging        | |  2.7
Stealth        | |  2.3
Unarmed Combat | |  0.6
Spellcasting   | |  2.5

Action                     |  1- 3 |  4- 6 || total
---------------------------+-------+-------++-------
  Melee: Unarmed           |    15 |     6 ||    21
   Cast: Freeze            |    51 |     1 ||    52
    Use: Potion            |     1 |     1 ||     2
 Armour: Robe              |     2 |       ||     2
         Leather armour    |       |     2 ||     2
  Dodge: Dodged            |    41 |     8 ||    49
  Block: Buckler           |     3 |     3 ||     6
   Form: Beast             |     1 |       ||     1

Table legend: (Time is in decaauts)
 A = Elapsed time spent in this place.
 B = Non-inter-level travel time spent in this place.
 C = Inter-level travel time spent in this place.
 D = Time resting spent in this place.
 E = Time spent auto-exploring this place.
 F = Levels seen in this place.
 G = Mean time per level.
                   A        B        C        D        E       F      G
               +--------+--------+--------+--------+--------+-----+--------+
         Total |   1191 |   1157 |     34 |      0 |    938 |   2 |  595.5 |
       Dungeon |   1191 |   1157 |     34 |      0 |    938 |   2 |  595.5 |
               +--------+--------+--------+--------+--------+-----+--------+

Top non-repeatable levels by time:
     D:1: 963 daAuts
     D:2: 228 daAuts
